 Dungeon Crawl Stone Soup version 0.20.1-1-g8b1a95d (webtiles) character file.

18226 boiii the Carver (level 12, -4/108 HPs)
             Began as a Minotaur Berserker on Oct 26, 2017.
             Was a High Priest of Trog.
             Slain by an orc knight
             ... wielding a +3 great sword
              (14 damage)
             ... on level 2 of the Orcish Mines on Oct 28, 2017.
             The game lasted 01:25:10 (14419 turns).

boiii the Carver (Minotaur Berserker)              Turns: 14419, Time: 01:25:11

Health: -4/108     AC: 23    Str: 24    XL:     12   Next: 25%
Magic:  3/3        EV: 11    Int:  4    God:    Trog [*****.]
Gold:   1335       SH:  0    Dex: 13    Spells: 11/11 levels left

rFire    + . .     SeeInvis .   o - +5 double sword (antimagic)
rCold    x . .     Gourm    .   (no shield)
rNeg     . . .     Faith    .   y - +0 plate armour
rPois    .         Spirit   .   (helmet restricted)
rElec    .         Reflect  .   u - +2 cloak {+Inv}
rCorr    .         Harm     .   z - +0 pair of gloves
MR       .....     Clarity  +   (no boots)
Stlth    ..........             (no amulet)
Regen    0.3/turn               a - ring of fire
MPRegen  0.1/turn               n - +4 ring of protection

@: about to teleport, berserk cooldown, slowed, very slow
A: retaliatory headbutt, hooves 1, horns 2, blurry vision 1, clarity, wild magic
1, sturdy frame 1
a: Berserk, Trog's Hand, Brothers in Arms, Burn Spellbooks, Renounce Religion,
Evoke Invisibility


You were on level 2 of the Orcish Mines.
You worshipped Trog.
Trog was extremely pleased with you.
You were hungry.

You visited 2 branches of the dungeon, and saw 12 of its levels.
You also visited: Sewer.

You collected 1335 gold pieces.

Inventory:

Hand Weapons
 o - a +5 antimagic double sword (weapon)
 F - a +3 antimagic great mace
Armour
 u - a +2 cloak of invisibility (worn)
 y - a +0 plate armour (worn)
 z - a +0 pair of gloves (worn)
Jewellery
 a - a ring of fire (left hand)
 i - an uncursed ring of magical power
 n - a +4 ring of protection (right hand)
Wands
 b - a wand of iceblast (2/15)
 e - a wand of confusion (34/48)
 k - a wand of lightning (7/15)
 m - a wand of disintegration (4/24)
 p - a wand of digging (2/24)
 s - a wand of disintegration (6/24)
 A - a wand of random effects (43/48)
Scrolls
 g - a scroll of remove curse
 h - 3 scrolls of fear
 j - 3 scrolls of teleportation
 w - a scroll of identify
Potions
 d - 2 potions of curing
 f - 4 potions of flight
 l - a potion of brilliance
 r - a potion of berserk rage
 v - a potion of magic
 x - a potion of invisibility {unknown}
 D - a potion of ambrosia {unknown}
Comestibles
 c - 9 bread rations
 q - 3 royal jellies
 t - 2 chunks of flesh
 B - 8 meat rations


   Skills:
 - Level 10.8 Fighting
 * Level 13.4 Long Blades
   Level 1.6(8.7) Axes
 - Level 13.0 Maces & Flails
 - Level 9.6 Armour
 - Level 5.7 Dodging
 - Level 1.5 Stealth


You had 11 spell levels left.
You didn't know any spells.

Dungeon Overview and Level Annotations

Branches:
Dungeon (10/15)            Temple (0/1) D:4             Orc (2/2) D:10
    Elf (0/3) Orc:2
   Lair: D:8-11

Altars:
Elyvilon
Hepliaklqana
Kikubaaqudgha
Okawaru
Qazlal
Ru
Sif Muna
Uskayaw
Xom
Yredelemnul
Zin
The Shining One
Beogh

Shops:
D:4 !   Orc:2 (

Annotations:
D:4 Blork the orc


Innate Abilities, Weirdness & Mutations

You reflexively headbutt those who attack you in melee.
You have a pair of horns on your head.
You have large cloven feet.
Scrolls take you a little longer to read.
You possess an exceptional clarity of mind.
Your spells are a little harder to cast, but a little more powerful.
Your movements are slightly less encumbered by armour. (ER -2)


Message History

The orc knight no longer looks unusually strong. x2
The orc warrior no longer looks unusually strong.
The orc high priest prays.
The orc knight roars a battlecry!
The orcs go into a battle-frenzy!
The orc high priest calls upon Beogh to heal the orc knight.
The orc knight is healed somewhat.
The orc knight hits you with a battleaxe.
* * * LOW HITPOINT WARNING * * *
As you read the scroll of teleportation, it crumbles to dust.
You feel strangely unstable.
The orc high priest calls down the wrath of Beogh upon you.
Beogh smites you!
* * * LOW HITPOINT WARNING * * *
The orc knight no longer looks unusually strong.
The orc knight roars a battlecry!
The orc knight goes into a battle-frenzy!
The orc knight cheers loudly, as Orcs often do.
The orc knight hits you with an enchanted great sword!
You die...

##.....#######[))########......##
#......# ##....[..## #..##.###
.......# #..#.).#..# #...####
.......# ##....[[...## ##.##
#.#....# #...#...#...# ###
.......###...........##
#......##....#...#....# #
##.###.##.............# ## ###
###....#..@#....# #.
#.....3oo.....# # #....#.oo#....#
##......o4...## #...#...#...# ##
##....o4...## ##. #..#3oo#..# #..
##...oo).## ##. ###.#.### ####
##..


You could see 4 orc knights, 2 orc high priests, an orange demon, an ice devil,
a sixfirhy, a smoke demon and 4 orc warriors.

Vanquished Creatures
  An orc warlord (Orc:2)
  2 two-headed ogres
  An orc high priest (Orc:2)
  The ghost of Frank the Skirmisher, a novice OpFi of Gozag (D:8)
  3 orc knights
  Pikel (D:5)
  Psyche (D:10)
  Maurice (D:10)
  A centaur skeleton (D:10)
  3 trolls
  Grinder (D:6)
  2 hippogriffs
  Sigmund (D:4)
  4 humans (D:9)
  10 yaks (D:9)
  2 hungry ghosts
  Edmund (D:4)
  3 wargs
  Duvessa (D:7)
  3 black bears
  2 ice beasts
  4 sky beasts
  23 orc warriors
  2 phantoms
  8 ogres
  A big kobold (D:7)
  A centaur (D:8)
  5 bullfrogs
  A wyvern zombie (D:8)
  Dowan (D:7)
  2 scorpions
  6 killer bees (D:10)
  15 wights
  4 howler monkeys
  5 crimson imps
  A quasit (D:5)
  5 hounds
  A bullfrog zombie (D:7)
  2 bullfrog skeletons (D:6)
  2 jellies
  23 orc priests
  Ijyb (D:9)
  4 iguanas
  10 orc wizards
  10 worker ants
  A hound zombie (D:6)
  4 hound skeletons
  Robin (D:4)
  A worker ant zombie (D:9)
  13 adders
  13 gnolls
  4 shadow imps
  An adder zombie (D:5)
  An ooze (D:5)
  2 adder skeletons (D:9)
  3 worms
  6 leopard geckos
  73 orcs
  10 giant cockroaches
  11 hobgoblins
  20 jackals
  12 kobolds
  4 quokkas
  6 ball pythons
  11 bats
  12 frilled lizards
  A giant cockroach zombie (D:5)
  11 goblins
  A leopard gecko skeleton (D:5)
  A quokka skeleton (D:4)
  2 rats (D:2)
  A spectral orc (D:2)
408 creatures vanquished.

Vanquished Creatures (collateral kills)
  4 orcs (Orc:2)
4 creatures vanquished.

Vanquished Creatures (others)
  A phantom (D:5)
1 creature vanquished.

Grand Total: 413 creatures vanquished

Notes
Turn   | Place    | Note
-------+----------+-------------------------------------------
     0 | D:1      | boiii the Minotaur Berserker began the quest for the Orb.
     0 | D:1      | Reached XP level 1. HP: 19/19 MP: 0/0
   462 | D:1      | Reached XP level 2. HP: 27/27 MP: 1/1
  1462 | D:2      | Reached XP level 3. HP: 34/34 MP: 2/2
  1471 | D:2      | Found a basalt altar of Yredelemnul.
  1530 | D:2      | Reached ** piety under Trog
  1645 | D:3      | Reached XP level 4. HP: 27/41 MP: 3/3
  2222 | D:3      | Reached skill level 5 in Fighting
  2222 | D:3      | Reached skill level 5 in Maces & Flails
  2239 | D:3      | Reached XP level 5. HP: 48/48 MP: 4/4
  2878 | D:3      | Found a stormy altar of Qazlal.
  3110 | D:4      | Noticed Blork the orc
  3123 | D:4      | Found a deep blue altar of Sif Muna.
  3356 | D:4      | Noticed Robin
  3374 | D:4      | Killed Robin
  3428 | D:4      | Found a staircase to the Ecumenical Temple.
  3455 | D:4      | Reached XP level 6. HP: 35/56 MP: 5/5
  3461 | D:4      | Found a hazy altar of Hepliaklqana.
  3468 | D:4      | Found a sacrificial altar of Ru.
  3503 | D:4      | Found a glowing golden altar of the Shining One.
  3673 | D:4      | Noticed Edmund
  3683 | D:4      | Killed Edmund
  3744 | D:4      | Reached *** piety under Trog
  3759 | D:4      | Found Poseang's Distillery.
  4101 | D:4      | Found a glowing silver altar of Zin.
  4103 | D:4      | Found a white marble altar of Elyvilon.
  4110 | D:4      | Reached skill level 1 in Stealth
  4110 | D:4      | Reached XP level 7. HP: 42/62 MP: 6/6
  4318 | D:4      | Noticed Sigmund
  4331 | D:4      | Killed Sigmund
  4331 | D:4      | Reached skill level 5 in Armour
  4967 | D:5      | Entered Level 5 of the Dungeon
  4969 | D:5      | Found a glowing drain.
  4999 | Sewer    | Entered a sewer
  5420 | D:5      | Noticed a hippogriff
  5426 | D:5      | Killed a hippogriff
  5426 | D:5      | Reached XP level 8. HP: 64/71 MP: 7/7
  5687 | D:5      | Noticed Pikel
  5697 | D:5      | Killed Pikel
  5697 | D:5      | Reached **** piety under Trog
  5699 | D:5      | Reached skill level 5 in Dodging
  5778 | D:5      | Reached XP level 9. HP: 79/79 MP: 8/8
  6117 | D:6      | Noticed Grinder
  6117 | D:6      | Paralysed by Grinder for 4 turns
  6132 | D:6      | Killed Grinder
  6132 | D:6      | Reached skill level 10 in Maces & Flails
  6587 | D:6      | Found a shimmering altar of Xom.
  6588 | D:6      | Found a shimmering altar of Xom.
  7346 | D:7      | Reached XP level 10. HP: 91/91 MP: 9/9
  7350 | D:7      | Noticed Duvessa
  7350 | D:7      | Noticed Dowan
  7362 | D:7      | Killed Duvessa
  7363 | D:7      | Killed Dowan
  7457 | D:7      | Gained mutation: Your movements are slightly less encumbered by armour. (ER -2) [mutagenic meat]
  7471 | D:7      | Reached ***** piety under Trog
  7575 | D:7      | Found a sacrificial altar of Ru.
  8284 | D:8      | Noticed Frank's ghost (novice OpFi)
  8301 | D:8      | Killed Frank's ghost
  8301 | D:8      | Reached skill level 10 in Fighting
  8317 | D:8      | Found an ancient bone altar of Kikubaaqudgha.
  8573 | D:8      | Found an iron altar of Okawaru.
  8741 | D:8      | Noticed a dagger
  8742 | D:8      | Found a hide-covered altar of Uskayaw.
  8742 | D:8      | Noticed a hand axe
  8951 | D:8      | Noticed a two-headed ogre
  8963 | D:8      | Killed a two-headed ogre
  9500 | D:9      | Received a gift from Trog
  9594 | D:9      | Reached skill level 1 in Long Blades
  9924 | D:9      | Found a runed door.
 10202 | D:9      | Found a runed door.
 10209 | D:9      | Found a runed door.
 10210 | D:9      | Found a runed door.
 10220 | D:9      | Noticed Ijyb
 10225 | D:9      | Reached XP level 11. HP: 92/101 MP: 6/10
 10245 | D:9      | Reached skill level 5 in Long Blades
 10268 | D:9      | Killed Ijyb
 10322 | D:9      | Found a runed door.
 10362 | D:9      | Found a runed door.
 10497 | D:10     | Entered Level 10 of the Dungeon
 10703 | D:10     | Found a roughly hewn altar of Beogh.
 10863 | D:10     | Found a staircase to the Orcish Mines.
 11133 | D:10     | Gained mutation: Your spells are a little harder to cast, but a little more powerful. [mutagenic meat]
 11134 | D:10     | Gained mutation: You have large cloven feet. [mutagenic meat]
 11439 | D:10     | Noticed Maurice
 11447 | D:10     | Killed Maurice
 11574 | D:10     | Noticed Psyche
 11579 | D:10     | Killed Psyche
 11761 | Orc:1    | Entered Level 1 of the Orcish Mines
 11815 | Orc:1    | Received a gift from Trog
 11823 | Orc:1    | Noticed an orc knight
 12244 | Orc:2    | Entered Level 2 of the Orcish Mines
 12244 | Orc:2    | Found Qumoptipi's Antique Weapon Emporium.
 12358 | Orc:1    | Noticed a two-headed ogre
 12365 | Orc:1    | Killed a two-headed ogre
 12365 | Orc:1    | Reached skill level 10 in Long Blades
 12417 | Orc:1    | Killed an orc knight
 12797 | Orc:2    | Found a roughly hewn altar of Beogh.
 12862 | Orc:2    | Found a staircase to the Elven Halls.
 12940 | Orc:2    | Noticed an orc warlord
 13150 | Orc:2    | Killed an orc warlord
 13150 | Orc:2    | Reached XP level 12. HP: 108/108 MP: 3/11
 13571 | Orc:2    | Reached skill level 1 in Axes
 13585 | Orc:2    | Noticed an orc high priest
 14203 | Orc:2    | Gained mutation: Scrolls take you a little longer to read. [a neqoxec]
 14209 | Orc:2    | Gained mutation: You possess an exceptional clarity of mind. [a neqoxec]
 14212 | Orc:2    | Killed an orc high priest
 14398 | Orc:2    | Noticed an orc high priest
 14400 | Orc:2    | Noticed an orc high priest
 14419 | Orc:2    | Slain by an orc knight

Skill      XL: |  1  2  3  4  5  6  7  8  9 10 11 12 |
---------------+-------------------------------------+-----
Fighting       | 4 5 6 7 9 10 | 10.8
Maces & Flails | 4 5 6 8 9 11 13 | 13.0
Armour         | 3 4 5 6 7 9 |  9.6
Dodging        | 3 4 5 |  5.7
Stealth        | 1 |  1.5
Long Blades    | 3 12 13 | 13.4
Axes           | 1 |  1.6

Action                   |  1- 3 |  4- 6 |  7- 9 | 10-12 || total
-------------------------+-------+-------+-------+-------++-------
Melee: Mace              |    23 |       |       |       ||    23
       Whip              |    52 |    65 |     2 |       ||   119
       Headbutt          |     9 |    23 |    44 |   109 ||   185
       Flail             |       |    60 |   262 |   139 ||   461
       Double sword      |       |       |       |   320 ||   320
       Kick              |       |       |       |    78 ||    78
       Battleaxe         |       |       |       |    37 ||    37
Invok: Berserk           |       |     2 |     1 |    11 ||    14
       Burn Spellbooks   |       |       |       |     1 ||     1
       Trog's Hand       |       |       |       |     1 ||     1
       Brothers in Arms  |       |       |       |     1 ||     1
Evoke: Wand              |       |       |     1 |       ||     1
  Use: Scroll            |     5 |     3 |     7 |    15 ||    30
       Potion            |       |     1 |       |     7 ||     8
 Stab: Distracted        |       |       |     1 |       ||     1
       Invisible         |       |       |       |     1 ||     1
  Eat: Chunk             |     2 |     9 |    10 |    26 ||    47
       Fruit             |       |     1 |     1 |     3 ||     5
       Meat ration       |       |       |       |     2 ||     2
Armor: Animal skin       |     3 |       |       |       ||     3
       Ring mail         |    14 |    46 |       |       ||    60
       Chain mail        |       |     3 |   162 |   127 ||   292
       Plate armour      |       |       |       |   202 ||   202
       Skin              |       |       |       |     2 ||     2
Dodge: Dodged            |    43 |    92 |   162 |   348 ||   645
       Rpst.: Double sword |       |       |       |    55 ||    55
